 Dungeon Crawl Stone Soup version 0.25-a0-1119-g28b6fd0c3b (webtiles) character file.

Game seed: 13502690193779868872, levelgen mode: deterministic

199 MalarOregon the Chopper (level 5, 0/46 HPs)
             Began as a Draconian Gladiator on May 19, 2020.
             Was a Follower of Sif Muna.
             Slain by an ogre
             ... wielding a +0 giant club
              (13 damage)
             ... on level 4 of the Dungeon.
             The game lasted 00:06:10 (4261 turns).

MalarOregon the Chopper (Draconian Gladiator)       Turns: 4261, Time: 00:06:11

Health: 0/46       AC:  6    Str: 18    XL:     5   Next: 48%
Magic:  5/5        EV: 13    Int:  8    God:    Sif Muna [*.....]
Gold:   118        SH:  0    Dex: 12    Spells: 4/4 levels left

rFire    . . .     SeeInvis .   a - +0 war axe
rCold    . . .     Gourm    .   (no shield)
rNeg     . . .     Faith    .   (armour unavailable)
rPois    .         Spirit   .   b - +1 hat
rElec    .         Reflect  .   (no cloak)
rCorr    .         Harm     .   (no gloves)
MR       .....                  (no boots)
Stlth    +.........             (no amulet)
HPRegen  0.15/turn              (no ring)
MPRegen  0.09/turn              (no ring)

@: no status effects
A: unfitting armour, cold-blooded, AC +5
a: Channel Magic, Renounce Religion


You were on level 4 of the Dungeon.
You worshipped Sif Muna.
Sif Muna was aware of your devotion.
You were hungry.

You visited 1 branch of the dungeon, and saw 4 of its levels.

You collected 118 gold pieces.

Inventory:

Hand Weapons
 a - a +0 war axe (weapon)
Missiles
 c - 3 throwing nets (quivered) {!f}
 r - 4 poisoned darts
Armour
 b - a +1 hat (worn)
Jewellery
 n - an uncursed ring of see invisible {unknown}
   (You found it on level 2 of the Dungeon)
 t - a +4 ring of protection {unknown}
   (You found it on level 3 of the Dungeon)
Scrolls
 d - 2 scrolls of magic mapping {unknown}
 h - 2 scrolls of amnesia
 i - a scroll of immolation {unknown}
 j - 5 scrolls of identify {unknown}
 k - 2 scrolls of teleportation {@r4}
 o - a scroll of remove curse {unknown}
 p - a scroll of blinking
Potions
 g - a potion of flight {unknown}
 l - a potion of curing {unknown}
 s - a potion of cancellation {unknown}
 u - a potion of might {unknown}
Comestibles
 e - 10 rations {!d}


   Skills:
 + Level 3.7 Fighting
 + Level 4.0 Axes
 + Level 3.0 Throwing
 + Level 3.6 Dodging


You had 4 spell levels left.
You didn't know any spells.
Your spell library was empty.

Dungeon Overview and Level Annotations

Branches:
Dungeon (4/15)
 Temple: D:4-7

Altars:
Sif Muna

Annotations:
D:4 Natasha


Innate Abilities, Weirdness & Mutations

Your plain brown scales are hard. (AC +5)
You cannot fit into any form of body armour.
You are cold-blooded and may be slowed by cold attacks.


Message History

An orc comes into view. It is wielding a +0 dagger.
Unknown command.
The white imp shouts, "Give up, thou reeling-ripe fat-kidneyed gnoll-tail!"
The white imp gestures at you. The puff of frost hits you!
The white imp shouts, "Scamper hence, thou clouted ditch-delivered fleecer!"
Found a hunting sling.
The crimson imp blinks!
There is a stone staircase leading down here.
The white imp grins evilly.
An orc comes into view. It is wielding a +0 mace.
An orc comes into view. It is wielding a +0 short sword.
The white imp shouts, "Quit, thou yeasty weather-bitten snaffler!"
Found 2 bubbling ruby potions.
The orc shouts! x2; You hear an angry hiss.
An orc wizard comes into view. It is wielding a +0 dagger.
A scorpion comes into view.
The scorpion stings you!
You are poisoned.
The scorpion poisons you!
You feel sick.
You feel sick.
Found a ring mail.
You feel sick.
You feel sick.
Found a scroll labeled TIDOIT BEBAWKIT.
You feel sick.
You feel sick.
An ogre comes into view. It is wielding a +0 giant club.
An ogre comes into view. It is wielding a +0 giant club.
Found a scroll labeled SECINEYTOM.
You feel sick. The ogre hits you but does no damage.
The scorpion closely misses you.
You feel sick. The scorpion stings you!
* * * LOW HITPOINT WARNING * * *
A scorpion comes into view.
The ogre closely misses you. The ogre misses you.
You feel sick.
You are no longer poisoned.
Found 6 javelins.
Found 15 gold pieces.
A gnoll comes into view. It is wielding a +0 spear.
A gnoll comes into view. It is wielding a +0 antimagic halberd.
The gnoll shouts!
You hear a shout!
A gnoll comes into view. It is wielding a +0 flail.
The gnoll hits you but does no damage.
A quokka comes into view.
The scorpion barely misses you. The ogre hits you with a +0 giant club!
You die...

..............o.#####...
.r....##.........?.##.#.
..g.......O...##O.....#.
......$...##o..##.....#.
.....g.(.o.o.####.......
............## #...#...
.......g.s### ##..####
......#sO## #### .....
#@## .......## #......
#...... ...#... #. ###.
# ##


You could see 2 ogres, 2 scorpions, 3 gnolls, 3 orcs and a quokka (wandering).

Vanquished Creatures
  An orc wizard (D:3)
  4 gnolls
  7 adders
  A worm (D:2)
  A dart slug (D:1)
  A leopard gecko (D:2)
  An orc (D:4)
  A giant cockroach (D:1)
  9 goblins
  A hobgoblin (D:3)
  6 jackals
  8 kobolds
  2 quokkas
  2 ball pythons
  9 bats
  6 frilled lizards
  11 rats
71 creatures vanquished.

Vanquished Creatures (others)
  A dart slug (D:1)
  A rat (D:1)
2 creatures vanquished.

Grand Total: 73 creatures vanquished

Notes
Turn   | Place    | Note
-------+----------+-------------------------------------------
     0 | D:1      | MalarOregon the Draconian Gladiator began the quest for the
                  | Orb.
     0 | D:1      | Reached XP level 1. HP: 17/17 MP: 1/1
   109 | D:1      | Reached XP level 2. HP: 25/25 MP: 2/2
   752 | D:1      | Reached XP level 3. HP: 23/30 MP: 3/3
  1684 | D:2      | Reached XP level 4. HP: 24/38 MP: 4/4
  3050 | D:3      | Reached XP level 5. HP: 45/45 MP: 5/5
  3464 | D:3      | Found a faded altar of an unknown god.
  3712 | D:3      | Became a worshipper of Sif Muna the Loreminder
  3712 | D:3      | Reached * piety under Sif Muna
  3760 | D:4      | Noticed Natasha
  3772 | D:3      | Reached skill level 4 in Axes
  4241 | D:4      | Noticed an ogre
  4242 | D:4      | Noticed an ogre
  4261 | D:4      | Slain by an ogre

Illustrated notes

Levels and vault maps discovered:
D:1:      ebering_trefoil_twist, layout_rooms, lemuel_flame_loot_1
D:2:      wander_river, layout_rooms, first_ration
D:3:      layout_loops_ring, chequers_ecumenical_altar_simple_redux
D:4:      layout_cave_pools, uniq_natasha

Skill      XL: |  1  2  3  4  5 |
---------------+----------------+-----
Throwing       | 2 3 |  3.0
Dodging        | 3 |  3.6
Fighting       | 3 |  3.7
Axes           | 4 |  4.0

Action                   |  1- 3 |  4- 6 || total
-------------------------+-------+-------++-------
Melee: War axe           |   109 |    91 ||   200
       Tailslap          |     6 |    14 ||    20
Throw: Throwing net      |     2 |       ||     2
  Use: Scroll            |       |     5 ||     5
 Stab: Sleeping          |     1 |       ||     1
  Eat: Chunk             |     3 |     7 ||    10
Armor: Skin              |    48 |    42 ||    90
Dodge: Dodged            |    95 |   102 ||   197

Table legend:
 A = Non-vault XP
 B = Vault XP
 C = Vault XP percentage of total XP
 D = Non-vault monster count
 E = Vault monster count
 F = Vault count percentage of total count
                 A         B        C        D         E       F
            +---------+---------+-------+---------+---------+-------
      Total |     285 |       0 |   0.0 |      71 |       0 |   0.0
            +---------+---------+-------+---------+---------+-------
        D:1 |      46 |       0 |   0.0 |      30 |       0 |   0.0
        D:2 |     104 |       0 |   0.0 |      19 |       0 |   0.0
        D:3 |     112 |       0 |   0.0 |      17 |       0 |   0.0
        D:4 |      23 |       0 |   0.0 |       5 |       0 |   0.0
            +---------+---------+-------+---------+---------+-------
